 Dungeon Crawl Stone Soup version 0.26.0-10-g1f06aea511 (webtiles) character file.

Game seed: 10019506010713376137

420 Dani the Chopper (level 6, -7/49 HPs)
             Began as a Demonspawn Fighter on Jan 16, 2021.
             Was an Initiate of Gozag.
             Mangled by an ogre
             ... wielding a +0 giant club
              (26 damage)
             ... on level 4 of the Dungeon.
             The game lasted 00:04:55 (3779 turns).

Dani the Chopper (Demonspawn Fighter)               Turns: 3779, Time: 00:04:55

Health: -7/49      AC:  7    Str: 18    XL:     6   Next: 62%
Magic:  6/6        EV:  7    Int: 10    God:    Gozag
Gold:   309        SH:  9    Dex: 12    Spells: 5/5 levels left

rFire    . . .     SeeInvis .   a - +0 war axe
rCold    + . .     Faith    .   c - +0 kite shield
rNeg     . . .     Spirit   .   b - +0 scale mail
rPois    .         Reflect  .   (helmet restricted)
rElec    .         Harm     .   (no cloak)
rCorr    .         Rampage  .   n - +0 pair of gloves
Will     .....                  (no boots)
Stlth    ..........             (no amulet)
HPRegen  0.16/turn              (no ring)
MPRegen  0.10/turn              (no ring)

@: no status effects
A: antennae 1, cold resistance 1
a: Renounce Religion, Potion Petition, Call Merchant, Bribe Branch


You were on level 4 of the Dungeon.
You worshipped Gozag.
Gozag was aware of your devotion.
You visited 1 branch of the dungeon, and saw 4 of its levels.

You collected 653 gold pieces.
You paid 344 gold pieces to Gozag.

Inventory:

Hand Weapons
 a - a +0 war axe (weapon)
Armour
 b - a +0 scale mail (worn)
 c - a +0 kite shield (worn)
 l - a +0 helmet
 m - a +2 helmet
 n - a +0 pair of gloves (worn)
Jewellery
 g - a +4 ring of evasion {unknown}
 o - an uncursed ring of protection from cold {unknown}
Scrolls
 h - 4 scrolls of identify {unknown}
 i - a scroll of immolation {unknown}
 j - a scroll of amnesia {unknown}
 k - 4 scrolls of teleportation {unknown}
 q - a scroll of magic mapping {unknown}
 r - a scroll of remove curse {unknown}
Potions
 d - a potion of might
 e - 2 potions of brilliance
 f - 2 potions of flight
 p - 2 potions of degeneration {unknown}
 s - a potion of invisibility {unknown}
 t - a potion of curing {unknown}


   Skills:
 + Level 4.5 Fighting
 * Level 4.8 Axes
 - Level 2.6 Armour
 + Level 4.0 Shields


You had 5 spell levels left.
You didn't know any spells.
Your spell library was empty.

Dungeon Overview and Level Annotations

Branches:
Dungeon (4/15)
 Temple: D:4-7

Altars:
Ashenzari
Elyvilon
Gozag
Ru


Innate Abilities, Weirdness & Mutations

You have a pair of small antennae on your head.
Your flesh is cold resistant. (rC+)


Message History

You are no longer poisoned.
You block the ogre's attack.
You slash the ogre!
The ogre is almost dead.
The ogre hits you with a +0 giant club!!
You hit the ogre but do no damage.
The ogre is almost dead.
You block the ogre's attack.
You closely miss the ogre.
The ogre is almost dead.
The ogre barely misses you.
You barely miss the ogre.
The ogre is almost dead.
The ogre closely misses you.
You hit the ogre.
The ogre is almost dead.
The ogre hits you with a +0 giant club!!
Ouch! That really hurt!
You die...
Your body crumbles into a pile of gold.

⌠.....⌠....## #.....#
..._........# #.....#####
⌠.....⌠.(.#.###.........#
..........#..##.....###.#
#.#.#.#.#.##.##.....#
..........##.##.....#
#####.....##))#.....#
#.....###.#O....#
#..........@....#
.#########......#
#..##### ##># ###


You could see an ogre.

Vanquished Creatures
  A scorpion (D:4)
  2 howler monkeys (D:4)
  2 hounds
  Ijyb (D:3)
  A worker ant (D:4)
  Robin (D:3)
  5 adders
  A river rat (D:3)
  2 worms (D:2)
  2 dart slugs
  4 leopard geckos
  12 orcs
  3 ball pythons
  7 bats
  2 giant cockroaches
  14 goblins
  7 hobgoblins
  12 jackals
  A quokka (D:3)
  5 frilled lizards
  5 kobolds
  8 rats
98 creatures vanquished.

Notes
Turn   | Place    | Note
-------+----------+-------------------------------------------
     0 | D:1      | Dani the Demonspawn Fighter began the quest for the Orb.
     0 | D:1      | Reached XP level 1. HP: 18/18 MP: 1/1
   160 | D:1      | Gained mutation: Your flesh is cold resistant. (rC+)
                  | [demonic ancestry]
   160 | D:1      | Reached XP level 2. HP: 24/24 MP: 2/2
   471 | D:1      | Reached XP level 3. HP: 29/29 MP: 3/3
   700 | D:2      | Found a broken altar of Ashenzari.
   768 | D:2      | Found an opulent altar of Gozag.
   782 | D:2      | Found a broken altar of Ashenzari.
   802 | D:2      | Became a worshipper of Gozag Ym Sagoz the Greedy
  1050 | D:2      | Gained mutation: You have a pair of small antennae on your
                  | head. [demonic ancestry]
  1050 | D:2      | Reached XP level 4. HP: 36/36 MP: 4/4
  1971 | D:3      | Noticed Ijyb
  1992 | D:3      | Killed Ijyb
  1993 | D:3      | Reached XP level 5. HP: 40/42 MP: 5/5
  2329 | D:3      | Noticed Terence
  2340 | D:3      | Noticed Terence
  2340 | D:3      | Terence changed into Terence the river rat
  2345 | D:3      | HP: 2/41 [Terence the river rat (6)]
  2353 | D:3      | Killed Terence the river rat
  3000 | D:3      | Found a sacrificial altar of Ru.
  3001 | D:3      | Noticed Robin
  3014 | D:3      | Killed Robin
  3361 | D:4      | Reached XP level 6. HP: 42/48 MP: 6/6
  3436 | D:4      | Found a white marble altar of Elyvilon.
  3779 | D:4      | Mangled by an ogre

Illustrated notes

Levels and vault maps discovered:
D:1:      minmay_arrival_jagged, layout_loops_ring
D:2:      layout_loops_corners, overflow_temple_1_default, marbit_many_paths,
          serial_aquarium, aquarium_bridge_square [aquarium_subvault_window,
          aquarium_subvault_balcony, aquarium_subvault_window,
          aquarium_subvault_bridge], aquarium_window_1, aquarium_window_corner,
          aquarium_window_2, aquarium_view_2a, aquarium_view_2c,
          evilmike_ruin_ashenzari
D:3:      layout_loops_ring, lemuel_crystal_altar, uniq_terence, uniq_robin,
          uniq_ijyb
D:4:      layout_basic, elyvilon_altar_5, lemuel_crystal_altar, serial_rivers,
          chequers_serial_rivers_room_b, chequers_serial_rivers_micro_d,
          chequers_serial_rivers_micro_d, chequers_serial_rivers_micro_e,
          led_sif_pool

Skill      XL: |  1  2  3  4  5  6 |
---------------+-------------------+-----
Axes           | 2 3 4 |  4.8
Shields        | 3 4 |  4.0
Fighting       | 4 |  4.5
Armour         | |  2.6

Action                   |  1- 3 |  4- 6 || total
-------------------------+-------+-------++-------
Melee: War axe           |    97 |   251 ||   348
Invok: Potion Petition   |       |     1 ||     1
Evoke: Wand              |       |     2 ||     2
  Use: Potion            |       |     7 ||     7
       Scroll            |       |     2 ||     2
 Stab: Distracted        |       |     3 ||     3
Armor: Scale mail        |    54 |   117 ||   171
       Skin              |       |    13 ||    13
Dodge: Dodged            |    32 |    60 ||    92
Block: Kite shield       |    57 |   120 ||   177
